 Dungeon Crawl Stone Soup version 0.17-a0-1617-gfba1302 (webtiles) character file.

5058 urechis the Slicer (level 10, -11/66 HPs)
             Began as a Kobold Berserker on Aug 1, 2015.
             Was a High Priest of Trog.
             Killed from afar by Erolcha (18 damage)
             ... with an orb of energy
             ... on level 8 of the Dungeon.
             The game lasted 00:18:32 (10243 turns).

urechis the Slicer (Kobold Berserker)              Turns: 10243, Time: 00:18:32

Health: -11/66     AC:  3    Str: 15    XL:     10   Next: 86%
Magic:  10/10      EV: 10    Int:  5    God:    Trog [*****.]
Gold:   422        SH:  0    Dex: 20    Spells: 0 memorised, 9 levels left

rFire  . . .     SeeInvis .     a - +4 dagger (venom)
rCold  . . .     Clarity  .     t - +0 leather armour
rNeg   . . .     SustAt   .     (shield restricted)
rPois  .         Gourm    .     (helmet restricted)
rElec  .         Spirit   .     (no cloak)
rCorr  .         Warding  .     (no gloves)
rMut   .         Stasis   .     (no boots)
MR     .....                    (no amulet)
Stlth  +++++.....               (no ring)
                                (no ring)

@: slowed, very slow, not resistant to hostile enchantments, quite stealthy
A: horns 1, carnivore 3
a: Burn Spellbooks, Berserk, Trog's Hand, Brothers in Arms, Renounce Religion


You were on level 8 of the Dungeon.
You worshipped Trog.
Trog was extremely pleased with you.
You were near starving.

You visited 2 branches of the dungeon, and saw 10 of its levels.
You also visited: Ossuary.

You collected 470 gold pieces.
You spent 48 gold pieces at shops.

Inventory:

Hand weapons
 a - a +4 dagger of venom (weapon)
 b - a +0 rapier
Armour
 t - a +0 leather armour (worn)
Magical devices
 r - a wand of lightning (8)
 E - a wand of digging (8)
 G - a wand of cold (8)
 I - a wand of fireball (6)
Scrolls
 e - 3 scrolls of recharging {unknown}
 f - 2 scrolls of immolation {unknown}
 g - 2 scrolls of noise {unknown}
 h - 4 scrolls of remove curse
 l - 2 scrolls of enchant weapon {unknown}
 o - 2 scrolls of magic mapping {unknown}
 p - a scroll of fog {unknown}
 s - a scroll of random uselessness {unknown}
 u - 3 scrolls of enchant armour {unknown}
 v - a scroll of holy word {unknown}
 w - a scroll of amnesia {unknown}
 y - a scroll of summoning {unknown}
 C - 2 scrolls of teleportation {unknown}
 F - a scroll of blinking {unknown}
Potions
 i - 2 potions of heal wounds
 k - 3 potions of magic
 m - a potion of resistance
 q - 4 potions of flight
 x - a potion of ambrosia
 z - 3 potions of haste
 A - a potion of degeneration {unknown}
 B - 2 potions of brilliance
 D - a potion of poison {unknown}
 H - a potion of lignification {unknown}
 K - a potion of experience {unknown}
Comestibles
 c - 3 meat rations
 d - 10 royal jellies


   Skills:
 + Level 9.0 Fighting
 - Level 14.0 Short Blades
 - Level 1.5 Armour
 - Level 2.4 Dodging
 - Level 10.7 Stealth


You had 9 spell levels left.
You didn't know any spells.

Dungeon Overview and Level Annotations

Branches:
Dungeon (9/15)             Temple (1/1) D:5
   Lair: D:8-11         Orc: D:9-12

Altars:
Ashenzari
Cheibriados
Dithmenos
Elyvilon
Fedhas
Gozag
Kikubaaqudgha
Makhleb
Nemelex Xobeh
Qazlal
Ru
Sif Muna
Trog
Vehumet
Xom
Yredelemnul
Zin
The Shining One

Shops:
D:8 *

Annotations:
D:8 Erolcha


Innate Abilities, Weirdness & Mutations

You are small and have problems with some larger weapons.
You are carnivorous and can eat meat at any time.
You have a pair of small horns on your head.


Message History

Something hits you!
* * * LOW HITPOINT WARNING * * *
You climb upwards.
There is a stone staircase leading down here.
You hear some strange, mumbled words.
An orb of energy appears from out of thin air!
The orb of energy misses you.
The orb of energy explodes!
Things that are here:
a -3 ring of strength; an uncursed ring of loudness; a +0 helmet Read which item? (? for menu, Esc to quit)
Okay, then.
You closely miss something. Something hits you!
* * * LOW HITPOINT WARNING * * *
Things that are here:
a -3 ring of strength; an uncursed ring of loudness; a +0 helmet
There is a stone staircase leading down here.
Erolcha gestures at you while chanting.
Helpless, you fail to dodge the orb of energy.
You die...

...................#..#.##.....##
...................#....###.#....
....###########....#.....#.....##
....# #......#....#.....#..##.#
..### #......#.....).......##.#
..# #......#..#.......#..##.# (.#
#......##.#..##......##.## ..#
#.......O................. ..#
#......##@#..##.##........
..######....[..........##........
...............#.#.###.###.....##
##..........##.#.#.###..[.......#
#..........+........#[###......#
#..........##.....###.# #......#
#........%.##.###########......#
#....[.....##.# #....#.......#
#...(......##.#####....##......#


You could see Erolcha.

Vanquished Creatures
  Erica (D:8)
  Pikel (D:8)
  Psyche (D:8)
  A two-headed ogre (D:8)
  Sigmund (D:5)
  A wyvern (D:8)
  A wraith (Ossuary)
  2 hungry ghosts
  3 ice beasts
  Duvessa (D:7)
  4 slaves (D:8)
  3 sky beasts
  3 ogres
  A giant frog (D:6)
  Dowan (D:7)
  3 water moccasin skeletons
  A scorpion (D:8)
  4 killer bees (D:8)
  A crimson imp (D:8)
  2 hounds
  4 orc wizards
  7 orc priests
  2 giant frog skeletons
  A gnoll shaman (D:7)
  4 jellies
  3 centaur skeletons
  6 iguanas
  5 worker ants
  2 hound skeletons
  A mummy (Ossuary)
  7 adders
  3 gnolls (D:7)
  3 shadow imps
  6 oozes
  2 adder zombies
  4 worms
  5 giant geckos
  23 orcs
  7 bats
  5 giant cockroaches
  3 gnoll skeletons (Ossuary)
  10 hobgoblins
  16 jackals
  2 quokkas (D:4)
  A ball python (D:4)
  A giant gecko skeleton (D:4)
  7 giant newts
  5 goblins
  A goblin skeleton (D:5)
  A goblin zombie (D:5)
  A jackal skeleton (D:7)
  6 kobolds
  9 kobold skeletons
  A kobold zombie (D:5)
  16 orc skeletons
  2 orc zombies (D:5)
  7 rats
225 creatures vanquished.

Vanquished Creatures (others)
  A quokka (D:3)
1 creature vanquished.

Grand Total: 226 creatures vanquished

Notes
Turn   | Place    | Note
--------------------------------------------------------------
     0 | D:1      | urechis the Kobold Berserker began the quest for the Orb.
     0 | D:1      | Reached XP level 1. HP: 14/14 MP: 1/1
   137 | D:1      | Reached skill level 1 in Stealth
   250 | D:1      | Reached XP level 2. HP: 13/19 MP: 2/2
   740 | D:1      | Reached XP level 3. HP: 3/23 MP: 3/3
  1092 | D:1      | Acquired Trog's second power
  1358 | D:2      | Reached skill level 5 in Stealth
  1358 | D:2      | Reached XP level 4. HP: 26/28 MP: 4/4
  1422 | D:2      | Found a bloodstained altar of Trog.
  1926 | D:3      | Found a white marble altar of Elyvilon.
  2164 | D:3      | Reached skill level 6 in Stealth
  2169 | D:3      | Reached XP level 5. HP: 27/32 MP: 5/5
  2801 | D:4      | Found a glowing silver altar of Zin.
  2801 | D:4      | Noticed an angel
  2838 | D:4      | Found a shattered altar of Ashenzari.
  2920 | D:4      | Reached skill level 7 in Stealth
  2920 | D:4      | Reached XP level 6. HP: 13/37 MP: 6/6
  3203 | D:4      | Reached skill level 8 in Stealth
  3747 | D:4      | Reached skill level 9 in Stealth
  3985 | D:4      | Reached XP level 7. HP: 22/41 MP: 7/7
  4166 | D:5      | Entered Level 5 of the Dungeon
  4181 | D:5      | Found a glowing golden altar of the Shining One.
  4284 | D:5      | Noticed Sigmund
  4289 | D:5      | Found a sand-covered staircase.
  4294 | Ossuary  | Entered an ossuary
  4294 | Ossuary  | Noticed a wraith
  4294 | Ossuary  | Noticed a wraith
  4294 | Ossuary  | Noticed a wraith
  4301 | Ossuary  | Gained mutation: You have a pair of small horns on your head. [potion of beneficial mutation]
  4324 | Ossuary  | HP: 2/41 [mummy (18)]
  4415 | Ossuary  | Noticed a wraith
  4437 | Ossuary  | Killed a wraith
  4437 | Ossuary  | Reached skill level 10 in Stealth
  4636 | D:5      | Killed Sigmund
  4636 | D:5      | Reached skill level 5 in Short Blades
  4636 | D:5      | Reached XP level 8. HP: 48/48 MP: 8/8
  4842 | D:5      | Found a glowing golden altar of the Shining One.
  5262 | D:5      | HP: 3/72 [orc/falchion (7)]
  5649 | D:5      | Found a staircase to the Ecumenical Temple.
  5815 | D:5      | Found an opulent altar of Gozag.
  6388 | Temple   | Entered the Ecumenical Temple
  6858 | D:6      | Found a blossoming altar of Fedhas.
  6880 | D:6      | Reached skill level 5 in Fighting
  7142 | D:6      | Acquired Trog's third power
  7406 | D:6      | Reached XP level 9. HP: 52/54 MP: 9/9
  7554 | D:6      | Found a stormy altar of Qazlal.
  7731 | D:7      | Found a deep blue altar of Sif Muna.
  7917 | D:7      | Reached skill level 10 in Short Blades
  7970 | D:7      | Noticed Duvessa
  7971 | D:7      | Noticed Dowan
  7989 | D:7      | Killed Duvessa
  7998 | D:7      | Killed Dowan
  8241 | D:7      | Received a gift from Trog
  8789 | D:7      | Reached skill level 11 in Short Blades
  9182 | D:8      | Noticed Psyche
  9185 | D:8      | Noticed Erica
  9186 | D:8      | Killed Psyche
  9186 | D:8      | Reached XP level 10. HP: 53/63 MP: 10/10
  9198 | D:8      | Reached skill level 12 in Short Blades
  9304 | D:8      | Noticed Pikel
  9359 | D:8      | Killed Pikel
  9427 | D:8      | Killed Erica
  9427 | D:8      | Reached skill level 13 in Short Blades
  9703 | D:8      | Found a snail-covered altar of Cheibriados.
  9784 | D:8      | Found an ancient bone altar of Kikubaaqudgha.
  9789 | D:8      | Found a basalt altar of Yredelemnul.
  9791 | D:8      | Found a shattered altar of Ashenzari.
  9795 | D:8      | Found a radiant altar of Vehumet.
  9919 | D:8      | Found Omaerux's Assorted Antiques.
  9935 | D:8      | Bought a scroll labeled RUULOCIULUQ for 24 gold pieces
  9935 | D:8      | Bought a scroll labeled QIFYETWUXOE for 24 gold pieces
 10029 | D:8      | Reached skill level 14 in Short Blades
 10127 | D:9      | Noticed Erolcha
 10243 | D:8      | Killed from afar by Erolcha

Vault maps used:
D:1:      evilmike_arrival_run_for_it
D:2:      trog_three_pillars_becter
D:3:      elyvilon_altar_4
D:4:      zin_angel, dk_vineyard_3, ashenzari_altar_1
D:5:      nicolae_tso_besieged_by_evil, old_standard_altar, temple_fountains,
          basic_altar, first_bread, enter_ossuary_5, uniq_sigmund
D:6:      kennysheep_mini, basic_altar, minmay_holes, minmay_lizard_king
D:7:      led_sif_book, uniq_duvessa
D:8:      lemuel_doored_altar, minitemple, serial_shops, nicolae_shop_stone,
          hangedman_little_slice_of_home, eino_jars, uniq_psyche, uniq_pikel,
          uniq_erica
D:9:      lemuel_coloured_pillars_altar, small_statue_intersection, uniq_erolcha
Temple:   temple_island_7
Ossuary:  ossuary_due_mausoleum

Action                   |  1- 3 |  4- 6 |  7- 9 | 10-12 || total
-------------------------+-------+-------+-------+-------++-------
Melee: Short sword       |    95 |   199 |   176 |       ||   470
       Dagger            |       |       |   187 |   114 ||   301
Invok: Berserk           |     2 |     2 |     7 |     2 ||    13
       Burn Spellbooks   |       |     1 |     2 |       ||     3
       Trog's Hand       |       |     2 |     2 |       ||     4
  Use: Scroll            |       |       |     6 |     5 ||    11
       Potion            |       |       |     1 |     1 ||     2
 Stab: Sleeping          |     8 |    14 |    31 |     4 ||    57
       Distracted        |     1 |     1 |     3 |     2 ||     7
  Eat: Chunk             |    10 |    10 |    28 |     7 ||    55
       Beef jerky        |       |       |     1 |       ||     1
